 Dungeon Crawl Stone Soup version 0.25-a0-378-gd2ca0b7745 (webtiles) character file.

Game seed: 2047799695741182071, levelgen mode: deterministic

7101 Napalmbreeze the Magician (level 11, 0/84 HPs)
             Began as a Gnoll Skald on Jan 7, 2020.
             Was a High Priest of Okawaru.
             Slain by a yak (13 damage)
             ... on level 10 of the Dungeon.
             The game lasted 00:25:31 (9907 turns).

Napalmbreeze the Magician (Gnoll Skald)             Turns: 9907, Time: 00:25:31

Health: 0/84       AC:  7    Str: 16    XL:     11   Next: 10%
Magic:  10/22      EV: 15    Int: 17    God:    Okawaru [*****.]
Gold:   442        SH:  0    Dex: 14    Spells: 12/25 levels left

rFire    . . .     SeeInvis .   A - +1 scythe (freeze)
rCold    + . .     Gourm    .   (shield currently unavailable)
rNeg     + . .     Faith    .   e - +0 ring mail
rPois    .         Spirit   .   u - +0 helmet
rElec    .         Reflect  .   (no cloak)
rCorr    .         Harm     +   (no gloves)
MR       .....                  (no boots)
Stlth    ++........             F - amulet of harm
HPRegen  0.24/turn              g - ring of positive energy
MPRegen  0.18/turn              s - ring of protection from cold

@: infused, singing
A: distributed training, fangs 1, strong nose
a: Heroism, Finesse, Renounce Religion


You were on level 10 of the Dungeon.
You worshipped Okawaru.
Okawaru was extremely pleased with you.
You were not hungry.

You visited 2 branches of the dungeon, and saw 11 of its levels.

You collected 534 gold pieces.
You spent 92 gold pieces at shops.

Inventory:

Hand Weapons
 A - a +1 scythe of freezing (weapon)
Missiles
 z - 94 arrows
Armour
 e - a +0 ring mail (worn)
 u - a +0 helmet (worn)
 K - a +2 buckler
Jewellery
 g - a ring of positive energy (left hand)
 s - a ring of protection from cold (right hand)
 y - an uncursed amulet of regeneration
 F - an amulet of harm (around neck)
 N - an uncursed amulet of the gourmand {unknown}
 O - a +4 ring of protection {unknown}
Wands
 v - a wand of clouds (3)
 J - a wand of paralysis (11)
Scrolls
 a - a scroll of acquirement {unknown}
 c - a scroll of fog {unknown}
 f - 7 scrolls of teleportation
 h - 4 scrolls of magic mapping
 n - 4 scrolls of remove curse
 o - 4 scrolls of enchant armour
 p - 5 scrolls of amnesia
 q - a scroll of random uselessness {unknown}
 t - a scroll of immolation {unknown}
 B - a scroll of enchant weapon {unknown}
 E - 2 scrolls of fear {unknown}
 I - 3 scrolls of summoning {unknown}
 M - a scroll of identify
Potions
 b - a potion of haste {unknown}
 i - a potion of cancellation {unknown}
 j - a potion of curing
 k - 2 potions of lignification {unknown}
 l - a potion of invisibility {unknown}
 m - 2 potions of mutation {unknown}
 r - 3 potions of flight
 w - 2 potions of ambrosia {unknown}
 x - 2 potions of brilliance {unknown}
 C - 2 potions of might {unknown}
 D - 3 potions of agility
 G - 2 potions of degeneration {unknown}
 H - a potion of heal wounds
Comestibles
 d - 17 rations
 L - 5 chunks of flesh


   Skills:
 + Level 7.5 Fighting
 + Level 5.8 Short Blades
 + Level 5.8 Long Blades
 + Level 5.8 Axes
 + Level 5.8 Maces & Flails
 + Level 7.5 Polearms
 + Level 5.8 Staves
 + Level 5.8 Slings
 + Level 5.8 Bows
 + Level 5.8 Crossbows
 + Level 5.8 Throwing
 + Level 6.4 Armour
 + Level 7.5 Dodging
 + Level 5.8 Stealth
 + Level 5.8 Shields
 + Level 5.8 Unarmed Combat
 + Level 7.8 Spellcasting
 + Level 4.8 Conjurations
 + Level 4.8 Hexes
 + Level 7.4 Charms
 + Level 4.8 Summonings
 + Level 4.8 Necromancy
 + Level 4.8 Translocations
 + Level 4.8 Transmutations
 + Level 4.8 Fire Magic
 + Level 4.8 Ice Magic
 + Level 4.8 Air Magic
 + Level 4.8 Earth Magic
 + Level 4.8 Poison Magic
 + Level 6.4 Invocations
 + Level 5.8 Evocations


You had 12 spell levels left.
You knew the following spells:

 Your Spells              Type           Power        Failure   Level  Hunger
a - Infusion              Chrm           ####         1%          1    None
b - Ozocubu's Armour      Chrm/Ice       ####....     4%          3    #......
d - Song of Slaying       Chrm           ####....     1%          2    None
e - Sticks to Snakes      Tmut           ###.....     3%          2    None
q - Shroud of Golubria    Chrm/Tloc      ####..       2%          2    None
s - Spectral Weapon       Hex/Chrm       ####....     4%          3    #......

Your spell library contained the following spells:

 Spells                   Type           Power        Failure   Level  Hunger
 Beastly Appendage        Tmut           ###...       2%          1    None
 Magic Dart               Conj           ###.         2%          1    None
 Searing Ray              Conj           ###...       3%          2    None
 Dazzling Flash           Conj/Hex       ###...       8%          3    #......
 Spider Form              Tmut/Pois      ###.......   8%          3    #......
 Fulminant Prism          Conj/Hex       ###.......   26%         4    ###....
 Ice Form                 Ice/Tmut       ###.....     26%         4    ###....
 Iskenderun's Mystic Bla  Conj/Tloc      ###.....     26%         4    ###....
 Blade Hands              Tmut           ###.......   56%         5    #####..


Dungeon Overview and Level Annotations

Branches:
Dungeon (10/15)            Temple (1/1) D:5            Lair (0/6) D:8
    Orc (0/2) D:9

Altars:
Ashenzari
Cheibriados
Dithmenos
Elyvilon
Fedhas
Gozag
Hepliaklqana
Kikubaaqudgha
Makhleb
Nemelex Xobeh
Okawaru
Qazlal
Ru
Sif Muna
Trog
Uskayaw
Vehumet
Wu Jian
Xom
Yredelemnul
Zin
The Shining One

Shops:
D:4 *   D:7 =


Innate Abilities, Weirdness & Mutations

Your experience applies equally to all skills.
You have very sharp teeth.
Your uncanny sense of smell can sniff out nearby items.


Message History

The yak is almost dead.
Your spectral weapon barely misses the yak.
The yak gores you.
* * * LOW HITPOINT WARNING * * *
Unknown command.
You slash the yak! You freeze the yak.
You kill the yak!
Okawaru accepts your kill. The adder misses you.
Unknown command.
You slash the adder! You freeze the adder.
You kill the adder!
Okawaru accepts your kill. The yak gores you!
* * * LOW HITPOINT WARNING * * *
You barely miss the yak. You bite the yak.
The yak is moderately wounded.
Your spectral weapon hits the yak from afar!
Your spectral weapon freezes the yak.
The yak gores you!
You die...

# ########...# #
#.#......#.Y.# #
#.#......#...# #
#.#......#YY.+
##########.#......#Y..#
...........#......#...#####
...........#......#........
)).........####'###........
...............(@YYs.......
......################.....
......# .... ......# ###
#######


You could see 2 yaks, a scorpion and a friendly spectral +1 scythe of freezing.

Vanquished Creatures
  3 centaur skeletons
  Psyche (D:9)
  A troll (D:9)
  Grinder (D:3)
  A hippogriff (D:7)
  Sigmund (D:6)
  A spriggan (D:7)
  4 yaks
  Eustachio (D:5)
  A sky beast (D:6)
  An orc warrior (D:9)
  3 ice beasts
  3 phantoms
  5 ogres
  3 centaurs
  12 bullfrogs
  Blork the orc (D:4)
  A gnoll sergeant (D:7)
  3 scorpions
  13 wights
  2 howler monkeys (D:7)
  3 crimson imps
  4 bullfrog zombies
  A jelly (D:5)
  7 orc priests
  6 hounds
  8 orc wizards
  2 bullfrog skeletons (D:7)
  Terence (D:2)
  2 iguanas
  7 worker ants
  A statue (D:4)
  2 hound zombies
  A howler monkey zombie (D:5)
  A worker ant zombie (D:7)
  3 gnolls (D:7)
  13 adders
  3 shadow imps
  2 oozes (D:4)
  An adder skeleton (D:9)
  An adder zombie (D:7)
  2 worms
  2 dart slugs (D:1)
  5 leopard geckos
  39 orcs
  2 ball pythons
  5 giant cockroaches
  9 goblins
  10 hobgoblins
  9 jackals
  6 quokkas
  7 bats
  6 frilled lizards
  A jackal skeleton (D:4)
  4 kobolds
  2 leopard gecko skeletons
  A leopard gecko zombie (D:5)
  A quokka skeleton (D:7)
  6 rats
  A spectral orc (D:6)
249 creatures vanquished.

Vanquished Creatures (others)
  5 spectral weapons
5 creatures vanquished.

Grand Total: 254 creatures vanquished

Notes
Turn   | Place    | Note
-------+----------+-------------------------------------------
     0 | D:1      | Napalmbreeze the Gnoll Skald began the quest for the Orb.
     0 | D:1      | Reached XP level 1. HP: 20/20 MP: 6/6
   237 | D:1      | Reached XP level 2. HP: 26/26 MP: 7/7
   519 | D:1      | Learned a level 2 spell: Song of Slaying
   525 | D:1      | Learned a level 2 spell: Shroud of Golubria
   841 | D:1      | You fall into a shaft and drop 1 floor!
   841 | D:2      | Found a blossoming altar of Fedhas.
   845 | D:2      | Reached skill level 5 in Spellcasting
   845 | D:2      | Reached XP level 3. HP: 26/31 MP: 4/9
   997 | D:2      | Learned a level 3 spell: Spectral Weapon
  1101 | D:2      | Reached skill level 1 in Invocations
  1613 | D:2      | Reached skill level 1 in Short Blades
  1613 | D:2      | Reached skill level 1 in Long Blades
  1613 | D:2      | Reached skill level 1 in Axes
  1613 | D:2      | Reached skill level 1 in Maces & Flails
  1613 | D:2      | Reached skill level 1 in Staves
  1613 | D:2      | Reached skill level 1 in Slings
  1613 | D:2      | Reached skill level 1 in Bows
  1613 | D:2      | Reached skill level 1 in Crossbows
  1613 | D:2      | Reached skill level 1 in Throwing
  1613 | D:2      | Reached skill level 1 in Stealth
  1613 | D:2      | Reached skill level 1 in Shields
  1613 | D:2      | Reached skill level 1 in Unarmed Combat
  1613 | D:2      | Reached skill level 1 in Evocations
  1702 | D:2      | Reached XP level 4. HP: 37/38 MP: 2/11
  2193 | D:3      | Noticed Terence
  2307 | D:2      | Killed Terence
  2307 | D:2      | Reached skill level 1 in Conjurations
  2307 | D:2      | Reached skill level 1 in Hexes
  2307 | D:2      | Reached skill level 1 in Summonings
  2307 | D:2      | Reached skill level 1 in Necromancy
  2307 | D:2      | Reached skill level 1 in Translocations
  2307 | D:2      | Reached skill level 1 in Transmutations
  2307 | D:2      | Reached skill level 1 in Fire Magic
  2307 | D:2      | Reached skill level 1 in Ice Magic
  2307 | D:2      | Reached skill level 1 in Air Magic
  2307 | D:2      | Reached skill level 1 in Earth Magic
  2307 | D:2      | Reached skill level 1 in Poison Magic
  2412 | D:2      | Reached XP level 5. HP: 39/43 MP: 7/12
  2615 | D:3      | Noticed Grinder
  2619 | D:3      | Paralysed by Grinder for 2 turns
  2636 | D:3      | Killed Grinder
  2636 | D:3      | Reached skill level 5 in Fighting
  2636 | D:3      | Reached skill level 5 in Polearms
  2636 | D:3      | Reached skill level 5 in Dodging
  2636 | D:3      | Reached XP level 6. HP: 15/51 MP: 0/14
  2876 | D:3      | Found a hide-covered altar of Uskayaw.
  3181 | D:3      | Reached XP level 7. HP: 42/56 MP: 8/15
  3210 | D:3      | Learned a level 3 spell: Ozocubu's Armour
  3592 | D:2      | Found a shimmering altar of Xom.
  3719 | D:4      | Noticed Blork the orc
  3728 | D:4      | Killed Blork the orc
  3896 | D:4      | Found Megharyn's Assorted Antiques.
  3937 | D:4      | Bought a viscous orange potion for 28 gold pieces
  3937 | D:4      | Bought a scroll labeled NISUNO NAISU for 32 gold pieces
  3937 | D:4      | Bought a scroll labeled IDURCH BUKINEA for 32 gold pieces
  4142 | D:4      | Found a white marble altar of Elyvilon.
  4328 | D:4      | Found a radiant altar of Vehumet.
  4672 | D:5      | Entered Level 5 of the Dungeon
  4676 | D:5      | Noticed Eustachio
  4708 | D:5      | Killed Eustachio
  4708 | D:5      | Reached XP level 8. HP: 58/63 MP: 3/16
  4913 | D:5      | Found a staircase to the Ecumenical Temple.
  4938 | Temple   | Entered the Ecumenical Temple
  5125 | Temple   | Became a worshipper of Warmaster Okawaru
  5356 | D:5      | Found a shadowy altar of Dithmenos.
  5978 | D:6      | Found the +5 robe of Misfortune {*Contam Harm *Corrode
                  | *Drain *Slow EV+5}
  5989 | D:6      | Learned a level 2 spell: Sticks to Snakes
  6045 | D:6      | Noticed Sigmund
  6060 | D:6      | Killed Sigmund
  6194 | D:6      | Reached XP level 9. HP: 43/69 MP: 12/18
  6326 | D:6      | Found an ancient bone altar of Kikubaaqudgha.
  6337 | D:6      | Found a snail-covered altar of Cheibriados.
  6343 | D:6      | Reached * piety under Okawaru
  6674 | D:6      | Found a basalt altar of Yredelemnul.
  7025 | D:7      | Found a hazy altar of Hepliaklqana.
  7179 | D:7      | Reached skill level 5 in Armour
  7191 | D:7      | Reached ** piety under Okawaru
  7435 | D:7      | Found Zolentuy's Jewellery Emporium.
  7565 | D:7      | Found a burning altar of Makhleb.
  7582 | D:7      | Reached skill level 5 in Invocations
  7627 | D:7      | Reached XP level 10. HP: 45/77 MP: 10/20
  7895 | D:7      | Found an ornate altar of the Wu Jian Council.
  8056 | D:8      | Reached *** piety under Okawaru
  8205 | D:8      | Found a staircase to the Lair.
  8275 | D:8      | Reached skill level 5 in Short Blades
  8275 | D:8      | Reached skill level 5 in Long Blades
  8275 | D:8      | Reached skill level 5 in Axes
  8275 | D:8      | Reached skill level 5 in Maces & Flails
  8275 | D:8      | Reached skill level 5 in Staves
  8275 | D:8      | Reached skill level 5 in Slings
  8275 | D:8      | Reached skill level 5 in Bows
  8275 | D:8      | Reached skill level 5 in Crossbows
  8275 | D:8      | Reached skill level 5 in Throwing
  8275 | D:8      | Reached skill level 5 in Stealth
  8275 | D:8      | Reached skill level 5 in Shields
  8275 | D:8      | Reached skill level 5 in Unarmed Combat
  8275 | D:8      | Reached skill level 5 in Evocations
  8422 | D:8      | Found a stormy altar of Qazlal.
  8480 | D:8      | Found a shattered altar of Ashenzari.
  8991 | D:9      | Found a staircase to the Orcish Mines.
  8991 | D:9      | Noticed Psyche
  9001 | D:9      | Killed Psyche
  9340 | D:9      | Reached **** piety under Okawaru
  9819 | D:10     | Entered Level 10 of the Dungeon
  9829 | D:10     | Reached ***** piety under Okawaru
  9829 | D:10     | Reached XP level 11. HP: 81/84 MP: 22/22
  9899 | D:10     | Received a gift from Okawaru
  9907 | D:10     | Slain by a yak

Levels and vault maps discovered:
D:1:      psy_arrival_fountain, layout_basic
D:2:      lemuel_upstairs_altar, layout_basic, fedhas_altar_3, first_ration,
          minmay_pentomino_t4
D:3:      layout_rooms, eat_drink_and_be_merry_uskayaw, minmay_circle_x,
          uniq_terence, uniq_grinder
D:4:      layout_basic, elyvilon_altar_3, vehumet_statue, serial_shops,
          shop_statue, uniq_blork_the_orc
D:5:      layout_cave_pods, grunt_dithmenos_smoke,
          minmay_temple_entry_statues_pillars, hangedman_decor_growths,
          uniq_eustachio
D:6:      layout_basic, yredelemnul_forgotten_temple_becter,
          lemuel_crystal_altar, lemuel_crystal_altar, uniq_sigmund
D:7:      layout_cave_pools, marbit_many_paths, lemuel_crystal_altar,
          kennysheep_little_box, serial_shops, nicolae_shop_behind_doors,
          the_bakery, st_stairs_13
D:8:      layout_loops_ring, old_standard_altar,
          nicolae_qazlal_general_emergency, dpeg_oklobed_lair
D:9:      layout_rooms, serial_glass, glass_columns_c, glass_columns_b,
          grunt_decor_clamped, minmay_joined_circles, uniq_psyche
D:10:     layout_irregular_city, serial_shops, kennysheep_mini, uniq_josephine
Temple:   grunt_temple_mini_profane

Skill      XL: |  1  2  3  4  5  6  7  8  9 10 |
---------------+-------------------------------+-----
Spellcasting   | 5 6 7 |  7.8
Invocations    | 1 2 3 4 5 6 |  6.4
Short Blades   | 1 2 3 4 5 |  5.8
Long Blades    | 1 2 3 4 5 |  5.8
Axes           | 1 2 3 4 5 |  5.8
Maces & Flails | 1 2 3 4 5 |  5.8
Staves         | 1 2 3 4 5 |  5.8
Slings         | 1 2 3 4 5 |  5.8
Bows           | 1 2 3 4 5 |  5.8
Crossbows      | 1 2 3 4 5 |  5.8
Throwing       | 1 2 3 4 5 |  5.8
Stealth        | 1 2 3 4 5 |  5.8
Shields        | 1 2 3 4 5 |  5.8
Unarmed Combat | 1 2 3 4 5 |  5.8
Evocations     | 1 2 3 4 5 |  5.8
Conjurations   | 1 2 3 4 |  4.8
Hexes          | 1 2 3 4 |  4.8
Summonings     | 1 2 3 4 |  4.8
Necromancy     | 1 2 3 4 |  4.8
Translocations | 1 2 3 4 |  4.8
Transmutations | 1 2 3 4 |  4.8
Fire Magic     | 1 2 3 4 |  4.8
Ice Magic      | 1 2 3 4 |  4.8
Air Magic      | 1 2 3 4 |  4.8
Earth Magic    | 1 2 3 4 |  4.8
Poison Magic   | 1 2 3 4 |  4.8
Fighting       | 5 6 7 |  7.5
Polearms       | 5 6 7 |  7.5
Armour         | 3 4 5 6 |  6.4
Dodging        | 5 6 7 |  7.5
Charms         | 6 7 |  7.4

Action                   |  1- 3 |  4- 6 |  7- 9 | 10-12 || total
-------------------------+-------+-------+-------+-------++-------
Melee: Spear             |   119 |    90 |       |       ||   209
       Bite              |     9 |     9 |    33 |    18 ||    69
       Punch             |       |     1 |     1 |       ||     2
       Trident           |       |     4 |   222 |       ||   226
       Scythe            |       |       |   122 |   186 ||   308
 Cast: Infusion          |     4 |     7 |     9 |     4 ||    24
       Spectral Weapon   |     1 |     9 |    26 |    16 ||    52
       Song of Slaying   |     1 |     3 |    11 |     3 ||    18
       Shroud of Golubri |       |     2 |     8 |     7 ||    17
       Sticks to Snakes  |       |       |     6 |     1 ||     7
Invok: Heroism           |       |       |     1 |       ||     1
  Use: Scroll            |       |       |     6 |     3 ||     9
       Potion            |       |       |     4 |       ||     4
 Stab: Sleeping          |     1 |     1 |     3 |     4 ||     9
       Distracted        |       |     2 |     1 |       ||     3
  Eat: Chunk             |     3 |     5 |     7 |     7 ||    22
       Ration            |       |       |     3 |       ||     3
Armor: Leather armour    |     7 |     1 |       |       ||     8
       Ring mail         |       |    15 |   142 |    60 ||   217
Dodge: Dodged            |    55 |    69 |   305 |   145 ||   574

Table legend:
 A = Non-vault XP
 B = Vault XP
 C = Vault XP percentage of total XP
 D = Non-vault monster count
 E = Vault monster count
 F = Vault count percentage of total count
                 A         B        C        D         E       F
            +---------+---------+-------+---------+---------+-------
      Total |    8080 |    2065 |  20.4 |     224 |      25 |  10.0
            +---------+---------+-------+---------+---------+-------
        D:1 |      39 |       0 |   0.0 |      21 |       0 |   0.0
        D:2 |      75 |      57 |  43.2 |      17 |       5 |  22.7
        D:3 |     196 |     325 |  62.4 |      33 |       5 |  13.2
        D:4 |     276 |     123 |  30.8 |      21 |       2 |   8.7
        D:5 |     517 |     191 |  27.0 |      19 |       1 |   5.0
        D:6 |     833 |     228 |  21.5 |      22 |       2 |   8.3
        D:7 |    2017 |     262 |  11.5 |      38 |       3 |   7.3
        D:8 |    1355 |       0 |   0.0 |      27 |       0 |   0.0
        D:9 |    1567 |     879 |  35.9 |      17 |       7 |  29.2
       D:10 |    1205 |       0 |   0.0 |       9 |       0 |   0.0
            +---------+---------+-------+---------+---------+-------
